 Dungeon Crawl Stone Soup version 0.32-a0-361-g289a535e89 (webtiles) character file.

Game seed: 1061090474946708318

434 sleeves the Apothecary (level 7, 0/55 HPs)
             Began as a Naga Alchemist on Feb 19, 2024.
             Was an Initiate of Vehumet.
             Slain by a phantom (5 damage)
             ... on level 5 of the Dungeon.
             The game lasted 00:13:26 (4599 turns).

sleeves the Apothecary (Naga Alchemist)             Turns: 4599, Time: 00:13:27

Health: 0/55       AC:  6    Str: 10    XL:     7   Next: 0%
Magic:  13/13      EV:  9    Int: 18    God:    Vehumet [......]
Gold:   212        SH:  0    Dex: 11    Spells: 5/15 levels left

rFire   . . .        C - +2 flail (holy)
rCold   . . .        (no shield)
rNeg    . . .        a - +0 robe
rPois   +            B - +0 helmet
rElec   .            (no cloak)
rCorr   .            l - +1 pair of gloves
SInv    +            (no barding)
Will    +....        (no amulet)
Stlth   ++           t - ring of willpower
HPRegen 0.29/turn    (no ring)
MPRegen 0.13/turn

%: no passive effects
@: very slow
A: AC +2, large, see invisible, deformed body, poison resistance, slowness 2,
spit poison 1, naga tail 1
a: Spit Poison, Renounce Religion


You were on level 5 of the Dungeon.
You worshipped Vehumet.
Vehumet was noncommittal.
You visited 1 branch of the dungeon, and saw 5 of its levels.

You collected 212 gold pieces.

Inventory:

Hand Weapons
 c - a +0 dagger
   (You took it off a goblin on level 1 of the Dungeon)
 C - a +2 flail of holy wrath (weapon)
   (You took it off Edmund on level 5 of the Dungeon)
Armour
 a - a +0 robe (worn)
 l - a +1 pair of gloves (worn)
   (You found it on level 2 of the Dungeon)
 B - a +0 helmet (worn)
   (You found it on level 5 of the Dungeon)
Magical Staves
 y - a staff of fire
   (You found it on level 4 of the Dungeon)
Jewellery
 t - a ring of willpower (left hand)
   (You found it on level 3 of the Dungeon)
 w - an amulet of guardian spirit
   (You took it off a kobold on level 4 of the Dungeon)
Talismans
 g - a dragon-blood talisman
   (You found it on level 1 of the Dungeon)
Wands
 n - a wand of iceblast (16)
   (You found it on level 2 of the Dungeon)
 u - a wand of polymorph (5)
   (You found it on level 4 of the Dungeon)
Scrolls
 d - 5 scrolls of identify {unknown}
 h - a scroll of enchant armour {unknown}
 k - 2 scrolls of fear {unknown}
 p - a scroll of amnesia {unknown}
 s - a scroll of revelation {unknown}
 v - a scroll of fog {unknown}
 x - a scroll of noise {unknown}
 z - a scroll of poison {unknown}
 A - a scroll of butterflies {unknown}
Potions
 b - 2 potions of magic
 e - a potion of heal wounds {unknown}
 f - a potion of attraction {unknown}
 i - a potion of haste {unknown}
 j - a potion of cancellation {unknown}
 m - 2 potions of enlightenment {unknown}
 o - a potion of resistance {unknown}
 q - a potion of brilliance {unknown}
 r - 3 potions of curing


   Skills:
 - Level 1.5 Dodging
 - Level 3.0 Stealth
 + Level 4.5 Spellcasting
 - Level 1.0 Conjurations
 + Level 7.3 Alchemy


You had 5 spell levels left.
You knew the following spells:

 Your Spells              Type           Power      Damage    Failure   Level
a - Sting                 Conj/Alch      76%        1d7       2%          1
b - Mercury Vapours       Alch/Air       34%        N/A       4%          2
c - Mephitic Cloud        Conj/Alch/Air  14%        N/A       13%         3
d - Olgreb's Toxic Radia  Alch           30%        N/A       7%          4

Your spell library contained the following spells:

 Spells                   Type           Power      Damage    Failure   Level
 Slow                     Hex            16%        N/A       14%         1
 Sticky Flame             Fire/Alch      17%        2d5       30%         4
 Confusing Touch          Hex            4%         N/A       38%         3
 Sigil of Binding         Hex            4%         N/A       38%         3
 Vampiric Draining        Necr           4%         2d6       38%         3


Dungeon Overview and Level Annotations

Branches:
Dungeon (5/15)
 Temple: D:4-7

Altars:
Cheibriados
Elyvilon
Fedhas
Hepliaklqana
Nemelex Xobeh
Vehumet


Innate Abilities, Weirdness & Mutations

Your serpentine skin is tough. (AC +2)
You have supernaturally acute eyesight. (SInv)
Armour fits poorly on your strangely shaped body.
Your system is resistant to poisons. (rPois)
You cover ground very slowly.
You can spit poison.
You have a snake-like lower body.


Message History

A goblin is nearby!
The goblin shouts!
The sting misses the goblin.
The sting hits the goblin.
The goblin is poisoned.
You kill the goblin!
A rat comes into view.
A rat is nearby!
A rat is nearby!
The sting hits the rat.
The rat is poisoned.
You kill the rat!
A bat comes into view.
Found a stone staircase leading up.
A bat is nearby!
A bat is nearby!
The bat closely misses you.
The sting hits the bat.
The bat is poisoned.
The bat is severely wounded.
You kill the bat!
You can't see any susceptible monsters within range! (Use Z to cast anyway.)
You see here a bat corpse.
An endoplasm comes into view.
The endoplasm moves out of view.
Found a ring mail.
An endoplasm is nearby!
You can't see any susceptible monsters within range! (Use Z to cast anyway.)
You can't see any susceptible monsters within range! (Use Z to cast anyway.)
The sting hits the endoplasm.
The endoplasm partially resists.
The endoplasm is lightly wounded.
The sting hits the endoplasm.
The endoplasm partially resists.
The endoplasm is moderately wounded.
The endoplasm jiggles.
The sting hits the endoplasm.
The endoplasm partially resists.
The endoplasm is almost dead.
The endoplasm barely misses you.
You hit the endoplasm.
You kill the endoplasm!
A quokka comes into view.
A quokka is nearby!
A quokka is nearby!
The sting hits the quokka but does no damage.
The quokka is poisoned.
The sting misses the quokka.
The sting misses the quokka.
The quokka barely misses you.
A quokka is nearby!
A quokka is nearby!
A quokka is nearby!
You hit the quokka.
You kill the quokka!
Okay, then.
j - a sapphire potion
There is a stone staircase leading up here.
Found a blossoming altar of Fedhas.
A hobgoblin comes into view.
Found a flail.
A hobgoblin is nearby!
A hobgoblin is nearby!
You can't see any susceptible monsters within range! (Use Z to cast anyway.)
You miscast Sting.
You are very lightly contaminated with residual magic.
Nothing appears to happen.
The sting hits the hobgoblin.
The hobgoblin is poisoned.
The hobgoblin is almost dead.
The hobgoblin shouts!
The sting hits the hobgoblin.
The hobgoblin looks even sicker.
You kill the hobgoblin!
Your magical contamination has completely faded away.
d - 2 scrolls labelled ACOYMUV CEMY (gained 1)
A hobgoblin comes into view.
A hobgoblin is nearby!
A hobgoblin is nearby!
A ribbon worm and a kobold come into view.
The sting hits the ribbon worm.
The ribbon worm is poisoned.
The ribbon worm is lightly wounded.
The sting hits the ribbon worm.
The ribbon worm looks even sicker.
The ribbon worm is moderately wounded.
The sting hits the ribbon worm but does no damage.
The ribbon worm looks even sicker.
The ribbon worm is moderately wounded.
The ribbon worm expels a string of sticky webbing.
The stream of webbing hits you but does no damage.
You are caught in a web!
The sting hits the ribbon worm.
The ribbon worm looks as sick as possible!
The ribbon worm is severely wounded.
You struggle to detach yourself from the web.
The ribbon worm bites you.
The web tears apart.
The ribbon worm bites you.
You hit the ribbon worm.
The ribbon worm is almost dead.
You hit the ribbon worm.
You kill the ribbon worm!
No target in view!
A ball python comes into view.
A ball python is nearby!
A ball python is nearby!
A hobgoblin comes into view.
The sting hits the ball python.
The ball python is poisoned.
The ball python is severely wounded.
The sting hits the ball python.
The ball python looks even sicker.
You kill the ball python!
The sting hits the hobgoblin.
The hobgoblin is poisoned.
The hobgoblin is severely wounded.
The sting hits the hobgoblin.
The hobgoblin looks even sicker.
You kill the hobgoblin!
A giant cockroach comes into view.
A giant cockroach is nearby!
A giant cockroach is nearby!
The sting hits the giant cockroach.
The giant cockroach is poisoned.
The giant cockroach is heavily wounded.
You kill the giant cockroach!
You can't see any susceptible monsters within range! (Use Z to cast anyway.)
You see here a giant cockroach corpse.
k - a scroll labelled TUKOL MAORA JOSS A hobgoblin comes into view.
A hobgoblin is nearby!
You can't see any susceptible monsters within range! (Use Z to cast anyway.)
The hobgoblin shouts!
The sting hits the hobgoblin but does no damage.
The hobgoblin is poisoned.
The sting hits the hobgoblin.
The hobgoblin looks even sicker.
The hobgoblin is heavily wounded.
The kobold shouts!
You kill the hobgoblin!
You can't see any susceptible monsters within range! (Use Z to cast anyway.)
The sting hits the kobold.
The kobold is poisoned.
The kobold is heavily wounded.
The hobgoblin shouts!
The sting misses the kobold.
You kill the kobold!
The sting hits the hobgoblin.
The hobgoblin is poisoned.
You kill the hobgoblin!
Okay, then.
d - 3 scrolls labelled ACOYMUV CEMY (gained 1)
A quokka comes into view.
You see here a +1 pair of gloves.
A quokka is nearby!
A quokka is nearby!
The sting hits the quokka.
The quokka is poisoned.
The quokka is lightly wounded.
The sting hits the quokka.
The quokka looks even sicker.
The quokka is severely wounded.
You kill the quokka!
l - a +1 pair of gloves
m - a sedimented sapphire potion You start putting on your armour.
You continue putting on your +1 pair of gloves. x4
You finish putting on your +1 pair of gloves.
n - a wand of iceblast (12)
A quokka comes into view.
A quokka is nearby!
A quokka is nearby!
Found 9 stones.
The sting hits the quokka.
The quokka is poisoned.
The quokka is severely wounded.
You kill the quokka!
o - a fuming black potion You see here 9 stones.
A kobold comes into view. It is wielding a +0 club.
A kobold is nearby!
The sting hits the kobold.
The kobold is poisoned.
You kill the kobold!
Found a stone staircase leading down.
Things that are here:
a +0 club; a kobold corpse A kobold comes into view.
It is wielding a +0 short sword.
A kobold is nearby!
You can't see any susceptible monsters within range! (Use Z to cast anyway.)
The sting hits the kobold.
The kobold is poisoned.
You kill the kobold!
You open the door.
There is an open door here.
You open the door.
There is an open door here.
A ribbon worm comes into view.
A ribbon worm is nearby!
A ribbon worm is nearby!
The ribbon worm expels a string of sticky webbing.
The stream of webbing misses you.
There is an open door here.
You miscast Sting.
You are very lightly contaminated with residual magic.
Nothing appears to happen.
The sting hits the ribbon worm.
The ribbon worm is poisoned.
The ribbon worm is moderately wounded.
The sting hits the ribbon worm.
The ribbon worm looks even sicker.
The ribbon worm is severely wounded.
The ribbon worm barely misses you.
The sting misses the ribbon worm.
The ribbon worm barely misses you.
The sting hits the ribbon worm.
The ribbon worm looks even sicker.
The ribbon worm is almost dead.
The sting hits the ribbon worm.
The ribbon worm looks as sick as possible!
You kill the ribbon worm!
Your magical contamination has completely faded away.
You see here a ribbon worm corpse.
There is an open door here.
Things that are here:
a +0 club; a kobold corpse
There is an open door here.
You open the door.
There is an open door here.
You see here a quokka skeleton.
You open the door.
There is an open door here.
You open the door.
There is an open door here.
There is an open door here.
Done exploring.
Done exploring.
Done exploring.
There is an open door here.
A kobold comes into view. It is wielding a +0 dagger.
You can't see any susceptible monsters within range! (Use Z to cast anyway.)
The kobold shouts!
The sting hits the kobold.
The kobold is poisoned.
You kill the kobold!
You now have 93 gold pieces (gained 17).
You see here a +0 dagger.
Done exploring.
There is an open door here.
There is a stone staircase leading down here.
You climb downwards.
There is a stone staircase leading up here.
There is a stone staircase leading up here.
Found a stone staircase leading up.
Found 4 stones.
Found a stone staircase leading down.
p - a scroll labelled FIULEA ATIZASO You see here 4 stones.
Found a stone staircase leading down.
Found a whip.
There is a stone staircase leading down here.
Found a stone staircase leading up.
k - 2 scrolls labelled TUKOL MAORA JOSS (gained 1)
You now have 103 gold pieces (gained 10).
You now have 113 gold pieces (gained 10).
An endoplasm comes into view.
You can't see any susceptible monsters within range! (Use Z to cast anyway.)
An orc comes into view. It is wielding a +0 mace.
Found a sling and 7 gold pieces.
The sting hits the endoplasm.
The endoplasm partially resists.
The endoplasm is poisoned.
The endoplasm is lightly wounded.
You kill the endoplasm!
Magic restored.
An orc is nearby!
Found a quarterstaff.
You can't see any susceptible monsters within range! (Use Z to cast anyway.)
Aiming: Spit Poison (1% risk of failure)
Press: ? - help, Shift-Dir - straight line, f - orc
Aim: an orc, wielding a +0 mace and wearing a +0 ring mail (asleep, 100% to hit)
The splash of poison hits the orc.
The orc is moderately wounded.
The sting misses the orc.
The sting hits the orc.
The orc is poisoned.
The orc is almost dead.
You kill the orc!
You have got your breath back.
You see here a +0 sling.
Found a spear.
You now have 120 gold pieces (gained 7).
q - an inky potion
r - a puce potion
s - a scroll labelled XIEG CARPHOEVE
t - a ring of willpower
t - a ring of willpower (left hand)
A scorpion comes into view.
A scorpion is nearby!
A scorpion is nearby!
A scorpion is nearby!
A scorpion is nearby!
Found a puce potion.
r - 2 puce potions (gained 1)
A kobold and a bat come into view.
The bat hits you but does no damage. The bat barely misses you.
The bat hits you but does no damage. x2
The sting misses the bat.
The bat hits you but does no damage.
The sting hits the bat.
The bat is poisoned.
The bat is severely wounded.
The bat hits you but does no damage.
You feel a bit more experienced.
You start resting.
Magic restored.
The kobold shouts!
The sting misses the kobold.
The sting hits the kobold.
The kobold is poisoned.
You kill the kobold!
An adder comes into view.
The sting hits the adder.
The adder is poisoned.
The adder is heavily wounded.
The sting hits the adder but does no damage.
The adder looks even sicker.
The adder is severely wounded.
A bombardier beetle comes into view.
Casting: Sting (safe; 4% risk of failure)
Confirm with . or Enter, or press ? or * to list all spells.
Aiming: Mercury Vapours (safe; 8% risk of failure)
Press: ? - help, Dir - move target, f - bombardier beetle, p - adder
Aim: a bombardier beetle (chance to weaken: 100%) Fumes of mercury billow around the bombardier beetle!
The bombardier beetle is poisoned.
The bombardier beetle looks weaker.
A ball python comes into view.
The adder closely misses you.
Casting: Mercury Vapours (safe; 8% risk of failure)
Confirm with . or Enter, or press ? or * to list all spells.
Okay, then.
Unknown command.
Unknown command.
Unknown command.
Casting: Mercury Vapours (safe; 8% risk of failure)
Confirm with . or Enter, or press ? or * to list all spells.
Aiming: Mercury Vapours (safe; 8% risk of failure)
Press: ? - help, Dir - move target, f/p - bombardier beetle
Aim: a bombardier beetle (lightly wounded, very poisoned, weak, chance to weaken: 100%) Fumes of mercury billow around the bombardier beetle!
The bombardier beetle looks even sicker.
The bombardier beetle looks even weaker.
The ball python looks even weaker.
* * * LOW MAGIC WARNING * * *
You kill the adder!
Your Spellcasting skill increases to level 3!
You kill the bombardier beetle!
The ball python attacks as it pursues you!
The ball python barely misses you. The ball python completely misses you.
Your Alchemy skill increases to level 6!
You have reached level 5!
You hit the ball python.
The ball python is moderately wounded.
The ball python bites you but does no damage.
You hit the ball python.
You kill the ball python!
You see here a ball python corpse.
A ribbon worm comes into view.
The sting hits the ribbon worm.
The ribbon worm is poisoned.
The ribbon worm is lightly wounded.
The sting misses the ribbon worm.
The ribbon worm expels a string of sticky webbing.
The stream of webbing hits you but does no damage.
You are caught in a web!
The sting hits the ribbon worm.
The ribbon worm looks even sicker.
The ribbon worm is moderately wounded.
* * * LOW MAGIC WARNING * * *
The sting hits the ribbon worm.
The ribbon worm looks even sicker.
The ribbon worm is heavily wounded.
* * * LOW MAGIC WARNING * * *
The ribbon worm expels a string of sticky webbing.
The stream of webbing hits you but does no damage.
You are even more entangled.
Aiming: Spit Poison (1% risk of failure)
Press: ? - help, Shift-Dir - straight line, f/p - ribbon worm
Aim: a ribbon worm (moderately wounded, very poisoned, 86% to hit)
The splash of poison hits the ribbon worm!
The ribbon worm looks as sick as possible!
The ribbon worm is almost dead.
You kill the ribbon worm!
You struggle to detach yourself from the web.
The web tears apart.
You have got your breath back.
You see here a bombardier beetle corpse.
Things that are here:
a +0 whip; a kobold corpse; a bat corpse You now have 135 gold pieces (gained 15).
You now have 150 gold pieces (gained 15).
Found a sling.
b - 2 potions of magic (gained 1)
Found 4 stones.
d - 4 scrolls labelled ACOYMUV CEMY (gained 1)
You see here a +0 sling.
You see here 4 stones.
You now have 155 gold pieces (gained 5).
m - 2 sedimented sapphire potions (gained 1)
Found 5 stones.
You see here 5 stones.
Found a stone staircase leading down.
A rat comes into view.
A rat is nearby!
You can't see any susceptible monsters within range! (Use Z to cast anyway.)
The helpless rat fails to defend itself.
You puncture the rat!
You kill the rat!
No target in view!
Found a leather armour.
You now have 160 gold pieces (gained 5).
A scorpion is nearby!
Casting: Sting (safe; 3% risk of failure)
Confirm with . or Enter, or press ? or * to list all spells.
You can't see any susceptible monsters within range! (Use Z to cast anyway.) Unknown command.
Press: ? - help, . - travel You can't see that place. [the floor.]
Casting: Sting (safe; 3% risk of failure)
Confirm with . or Enter, or press ? or * to list all spells.
You can't see any susceptible monsters within range! (Use Z to cast anyway.)
You can't see any susceptible monsters within range! (Use Z to cast anyway.) Unknown command.
Aiming: Spit Poison (1% risk of failure)
Press: ? - help, Shift-Dir - straight line, f - scorpion
Aim: a scorpion (59% to hit)
The splash of poison misses the scorpion.
Casting: Sting (safe; 3% risk of failure)
Confirm with . or Enter, or press ? or * to list all spells.
Aiming: Mercury Vapours (safe; 7% risk of failure)
Press: ? - help, Dir - move target, p - scorpion Fumes of mercury billow through the air!
The scorpion looks weaker.
Casting: Mercury Vapours (safe; 7% risk of failure)
Confirm with . or Enter, or press ? or * to list all spells.
Aiming: Mercury Vapours (safe; 7% risk of failure)
Press: ? - help, Dir - move target, f - scorpion
Aim: a scorpion (weak, chance to weaken: 87%) Fumes of mercury billow around the scorpion!
The scorpion is poisoned.
The scorpion looks even weaker.
The sting hits the scorpion but does no damage.
The scorpion looks even sicker.
The scorpion is moderately wounded.
The scorpion stings you but does no damage.
The sting hits the scorpion.
The scorpion looks as sick as possible!
The scorpion is almost dead.
You have got your breath back.
You kill the scorpion!
You see here a scorpion corpse.
Found 6 poisoned darts.
You see here 6 poisoned darts.
You see here 6 poisoned darts.
There is a stone staircase leading down here.
You now have 171 gold pieces (gained 11).
There is a stone staircase leading down here.
You see here a +0 spear.
Key pressed, stopping explore.
Done exploring.
Done exploring.
Done exploring.
Done exploring.
Done exploring.
There is a stone staircase leading down here.
You climb downwards.
Found a stone staircase leading up.
There is a stone staircase leading up here.
A kobold is nearby!
You can't see any susceptible monsters within range! (Use Z to cast anyway.)
Found a wand of iceblast (4).
The kobold shouts!
The sting hits the kobold.
The kobold is poisoned.
The kobold is moderately wounded.
The kobold throws a stone.
The stone barely misses you.
The sting hits the kobold.
The kobold looks even sicker.
You kill the kobold!
Magic restored.
n - a wand of iceblast (16) (gained 4 charges)
You open the door.
There is an open door here.
u - a wand of polymorph (5)
v - a scroll labelled PYONLYKANU You open the door.
Found a blade talisman.
A giant cockroach comes into view.
Found a stone staircase leading down.
There is an open door here.
You see here a blade talisman.
You can't see any susceptible monsters within range! (Use Z to cast anyway.)
Found a trident.
The sting hits the giant cockroach but does no damage.
The giant cockroach is poisoned.
The sting hits the giant cockroach but does no damage.
The giant cockroach looks even sicker.
The giant cockroach is moderately wounded.
The sting misses the giant cockroach.
The sting hits the giant cockroach.
The giant cockroach looks even sicker.
You kill the giant cockroach!
A kobold comes into view. It is wielding a +0 short sword.
The kobold shouts!
You can't see any susceptible monsters within range! (Use Z to cast anyway.)
The sting hits the kobold.
The kobold is poisoned.
You kill the kobold!
A giant cockroach comes into view.
A giant cockroach is nearby!
A giant cockroach is nearby!
The sting hits the giant cockroach!
The giant cockroach is poisoned.
You kill the giant cockroach!
An adder comes into view.
An adder is nearby!
An adder is nearby!
A jackal comes into view.
Found a puce potion.
You can't see any susceptible monsters within range! (Use Z to cast anyway.)
The sting hits the adder.
The adder is poisoned.
The adder is lightly wounded.
The jackal barks!
A quokka comes into view.
A jackal comes into view.
The adder closely misses you.
Aiming: Spit Poison (1% risk of failure)
Press: ? - help, Shift-Dir - straight line, f/p - adder
Aim: an adder (moderately wounded, poisoned, 37% to hit)
The splash of poison hits the adder.
The adder is heavily wounded.
The adder bites you. The adder barely misses you.
Casting: Sting (safe; 3% risk of failure)
Confirm with . or Enter, or press ? or * to list all spells.
You don't know that spell.
The sting hits the adder.
The adder looks even sicker.
The adder is heavily wounded.
The jackal barks!
The adder barely misses you. The adder bites you but does no damage.
The jackal bites you but does no damage.
You have got your breath back.
The jackal attacks as it pursues you!
The jackal bites you but does no damage.
The adder bites you. The jackal closely misses you.
The adder bites you but does no damage.
You kill the adder!
The jackal closely misses you. The jackal bites you.
You have reached level 6!
Your skin feels tougher.
The jackal closely misses you. The jackal bites you.
The jackal barely misses you. The jackal attacks as it pursues you!
The jackal bites you but does no damage. x2
The sting hits the jackal.
The jackal is poisoned.
The jackal is moderately wounded.
The jackal barely misses you.
The sting misses the jackal. x2
The jackal bites you but does no damage.
The jackal bites you.
The sting hits the jackal but does no damage.
The jackal looks even sicker.
The jackal is heavily wounded.
The jackal bites you but does no damage.
The sting hits the jackal.
The jackal looks even sicker.
The jackal is severely wounded.
The jackal bites you.
The sting hits the jackal.
The jackal looks as sick as possible!
You kill the jackal!
The jackal bites you but does no damage.
The sting hits the jackal!
The jackal is poisoned.
You kill the jackal!
The sting hits the quokka.
The quokka is poisoned.
You kill the quokka!
You can't see any susceptible monsters within range! (Use Z to cast anyway.)
You can't see any susceptible monsters within range! (Use Z to cast anyway.) HP restored.
Things that are here:
a jackal corpse; a jackal corpse
There is a stone staircase leading down here.
r - 3 puce potions (gained 1)
There is a stone staircase leading down here.
Things that are here:
a +0 short sword; a kobold corpse You see here a giant cockroach corpse.
A kobold comes into view. It is wielding a +0 dagger.
A kobold is nearby!
A kobold is nearby!
The sting hits the kobold.
The kobold is poisoned.
The kobold is severely wounded.
The kobold shouts!
You hear a shout!
You kill the kobold!
You hear a shout!
An orc comes into view. It is wielding a +0 dagger.
An orc is nearby!
An orc is nearby!
The sting hits the orc.
The orc is poisoned.
The orc is moderately wounded.
An orc comes into view. It is wielding a +0 dagger.
The sting hits the orc.
The orc looks even sicker.
The orc is heavily wounded.
You hit the orc.
The orc is severely wounded.
The orc hits you but does no damage.
You closely miss the orc.
The orc is severely wounded.
The orc barely misses you.
You miscast Sting.
You are very lightly contaminated with residual magic.
Nothing appears to happen.
You kill the orc!
The sting hits the orc.
The orc is poisoned.
The orc is severely wounded.
The orc hits you but does no damage.
The sting hits the orc!
The orc looks even sicker.
You kill the orc!
Your magical contamination has completely faded away.
An orc comes into view. It is wielding a +0 falchion.
You can't see any susceptible monsters within range! (Use Z to cast anyway.)
The sting hits the orc.
The orc is poisoned.
The orc is heavily wounded.
The sting hits the orc.
The orc looks even sicker.
You kill the orc!
An orc priest comes into view. It is wielding a +0 hand axe.
An orc priest is nearby!
Casting: Sting (safe; 3% risk of failure)
Confirm with . or Enter, or press ? or * to list all spells.
Aiming: Mercury Vapours (safe; 6% risk of failure)
Press: ? - help, Dir - move target, f - orc priest
Aim: an orc priest, wielding a +0 hand axe (wandering, hasn't noticed you, chance to weaken: 100%) Fumes of mercury billow around the orc priest!
The orc priest is poisoned.
The orc priest looks weaker.
The sting hits the orc priest.
The orc priest looks even sicker.
The orc priest is heavily wounded.
You hit the orc priest.
The orc priest is almost dead.
You kill the orc priest!
w - an amulet of guardian spirit
Items here: ( )))) †.
You see here a +0 falchion.
Found an escape hatch in the floor.
There is a large open door here.
There is a large open door here.
There is an open door here.
Found a short sword.
A ribbon worm comes into view.
There is an open door here.
The sting hits the ribbon worm but does no damage.
The ribbon worm is poisoned.
The ribbon worm expels a string of sticky webbing.
The stream of webbing hits you but does no damage.
You are caught in a web!
The sting hits the ribbon worm.
The ribbon worm looks even sicker.
The ribbon worm is moderately wounded.
The sting misses the ribbon worm.
The web tears apart.
The ribbon worm barely misses you.
You hit the ribbon worm but do no damage.
The ribbon worm is moderately wounded.
You hit the ribbon worm.
The ribbon worm is moderately wounded.
The ribbon worm expels a string of sticky webbing.
The stream of webbing hits you but does no damage.
You are caught in a web!
The web tears apart.
The ribbon worm bites you.
You hit the ribbon worm.
The ribbon worm is heavily wounded.
The ribbon worm bites you but does no damage.
The sting hits the ribbon worm.
The ribbon worm looks even sicker.
The ribbon worm is severely wounded.
The ribbon worm barely misses you.
The sting hits the ribbon worm.
The ribbon worm looks even sicker.
You kill the ribbon worm!
There is an open door here.
r - 4 puce potions (gained 1)
Found a leather armour.
x - a scroll labelled TAOJATHR WACSU You see here a +0 leather armour.
You see here a staff of fire.
Search for what [? for help]? staf Unknown command.
Unknown command.
Unknown command.
Unknown command.
y - a staff of fire
Found 4 stones.
d - 5 scrolls labelled ACOYMUV CEMY (gained 1)
You see here 4 stones.
You now have 187 gold pieces (gained 16).
An endoplasm comes into view.
An endoplasm is nearby!
The sting hits the endoplasm.
The endoplasm partially resists.
The endoplasm is poisoned.
The endoplasm is heavily wounded.
The endoplasm quivers.
The sting hits the endoplasm.
The endoplasm partially resists.
The endoplasm looks even sicker.
You kill the endoplasm!
Your Spellcasting skill increases to level 4!
Magic restored.
Found a stone staircase leading down.
An orc priest comes into view. It is wielding a +0 mace.
The sting hits the orc priest but does no damage.
The orc priest is poisoned.
The orc priest shouts!
Casting: Sting (safe; 3% risk of failure)
Confirm with . or Enter, or press ? or * to list all spells.
Aiming: Mercury Vapours (safe; 5% risk of failure)
Press: ? - help, Dir - move target, f/p - orc priest
Aim: an orc priest, wielding a +0 mace and wearing a +0 ring mail (poisoned, chance to weaken: 100%) Fumes of mercury billow around the orc priest!
The orc priest looks even sicker.
The orc priest looks weaker.
The orc priest calls down the wrath of Beogh upon you.
Pain shoots through your body!
The sting hits the orc priest.
The orc priest looks even sicker.
The orc priest is moderately wounded.
The sting hits the orc priest but does no damage.
The orc priest looks as sick as possible!
The orc priest is moderately wounded.
The orc priest invokes the aid of Beogh against you.
You easily resist.
Casting: Sting (safe; 3% risk of failure)
Confirm with . or Enter, or press ? or * to list all spells.
Aiming: Mercury Vapours (safe; 5% risk of failure)
Press: ? - help, Dir - move target, f/p - orc priest
Aim: an orc priest, wielding a +0 mace and wearing a +0 ring mail (heavily wounded, extremely poisoned, weak, chance to weaken: 100%) Fumes of mercury billow around the orc priest!
The orc priest looks as sick as possible!
The orc priest looks even weaker.
You hit the orc priest.
The orc priest is severely wounded.
You kill the orc priest!
An orc comes into view. It is wielding a +0 whip.
You can't see any susceptible monsters within range! (Use Z to cast anyway.)
An orc is nearby!
You start resting.
HP restored.
An orc comes into view. It is wielding a +0 whip.
The sting hits the orc.
The orc is poisoned.
The orc is severely wounded.
The orc shouts!
You hear a shout! x2
The sting hits the orc.
The orc looks even sicker.
You kill the orc!
An orc is nearby!
An orc is nearby!
The sting hits the orc but does no damage.
The orc is poisoned.
The sting hits the orc but does no damage.
The orc looks even sicker.
You hit the orc but do no damage.
The orc is moderately wounded.
The orc hits you with a +0 whip.
You barely miss the orc.
The orc is moderately wounded.
The orc hits you with a +0 whip.
You hit the orc but do no damage.
The orc is moderately wounded.
The orc barely misses you.
You hit the orc but do no damage.
The orc is heavily wounded.
The orc hits you with a +0 whip.
You barely miss the orc.
The orc is heavily wounded.
The orc hits you with a +0 whip.
You hit the orc but do no damage.
The orc is severely wounded.
You kill the orc!
No target in view!
Magic restored.
You now have 192 gold pieces (gained 5).
Things that are here:
a +0 whip; a +0 ring mail You now have 200 gold pieces (gained 8).
Things that are here:
a +0 whip; a +0 ring mail; an orc corpse
There is a stone staircase leading down here.
Found a stone staircase leading down.
There is a stone staircase leading down here.
A ribbon worm comes into view.
A ribbon worm is nearby!
Casting: Sting (safe; 2% risk of failure)
Confirm with . or Enter, or press ? or * to list all spells.
You can't see any susceptible monsters within range! (Use Z to cast anyway.) Unknown command.
Casting: Sting (safe; 2% risk of failure)
Confirm with . or Enter, or press ? or * to list all spells.
You can't see any susceptible monsters within range! (Use Z to cast anyway.) Unknown command.
Casting: Sting (safe; 2% risk of failure)
Confirm with . or Enter, or press ? or * to list all spells.
Aiming: Mercury Vapours (safe; 5% risk of failure)
Press: ? - help, Dir - move target Fumes of mercury billow through the air!
The ribbon worm looks weaker.
The ribbon worm expels a string of sticky webbing.
The stream of webbing hits you but does no damage.
You are caught in a web!
Casting: Mercury Vapours (safe; 5% risk of failure)
Confirm with . or Enter, or press ? or * to list all spells.
Aiming: Mercury Vapours (safe; 5% risk of failure)
Press: ? - help, Dir - move target Fumes of mercury billow through the air!
The ribbon worm looks even weaker.
Casting: Mercury Vapours (safe; 5% risk of failure)
Confirm with . or Enter, or press ? or * to list all spells.
Aiming: Mercury Vapours (safe; 5% risk of failure)
Press: ? - help, Dir - move target
Okay, then.
The sting hits the ribbon worm.
The ribbon worm is poisoned.
The ribbon worm is moderately wounded.
Casting: Sting (safe; 2% risk of failure)
Confirm with . or Enter, or press ? or * to list all spells.
Aiming: Mercury Vapours (safe; 5% risk of failure)
Press: ? - help, Dir - move target, f/p - ribbon worm
Aim: a ribbon worm (lightly wounded, poisoned, weak, chance to weaken: 92%) Fumes of mercury billow around the ribbon worm!
The ribbon worm looks even sicker.
The ribbon worm looks even weaker.
Casting: Mercury Vapours (safe; 5% risk of failure)
Confirm with . or Enter, or press ? or * to list all spells.
Aiming: Mercury Vapours (safe; 5% risk of failure)
Press: ? - help, Dir - move target, f/p - ribbon worm
Aim: a ribbon worm (lightly wounded, very poisoned, weak, chance to weaken: 92%) Fumes of mercury billow around the ribbon worm!
The ribbon worm looks even sicker.
The ribbon worm looks even weaker.
The sting hits the ribbon worm.
The ribbon worm looks as sick as possible!
The ribbon worm is lightly wounded.
* * * LOW MAGIC WARNING * * *
The ribbon worm closely misses you.
Aiming: Spit Poison (1% risk of failure)
Press: ? - help, Shift-Dir - straight line, f/p - ribbon worm
Aim: a ribbon worm (lightly wounded, extremely poisoned, weak, 86% to hit)
The splash of poison hits the ribbon worm!
The ribbon worm looks as sick as possible!
The ribbon worm is heavily wounded.
The sting hits the ribbon worm.
The ribbon worm looks as sick as possible!
The ribbon worm is almost dead.
* * * LOW MAGIC WARNING * * *
The ribbon worm expels a string of sticky webbing.
The stream of webbing hits you but does no damage.
You are even more entangled.
The sting misses the ribbon worm.
* * * LOW MAGIC WARNING * * *
The ribbon worm barely misses you.
The web tears apart.
You kill the ribbon worm!
You have got your breath back.
A hobgoblin comes into view.
You can't see any susceptible monsters within range! (Use Z to cast anyway.)
You can't see any susceptible monsters within range! (Use Z to cast anyway.)
The sting hits the hobgoblin.
The hobgoblin is poisoned.
The hobgoblin is severely wounded.
The sting hits the hobgoblin!
The hobgoblin looks even sicker.
You kill the hobgoblin!
You now have 212 gold pieces (gained 12).
There is a stone staircase leading up here.
There is a stone staircase leading down here.
Found a snail-covered altar of Cheibriados.
Found a sparkling altar of Nemelex Xobeh.
There is an open door here.
Found a radiant altar of Vehumet.
Found a scroll labelled NAENUJ VOATYTO.
Found a hazy altar of Hepliaklqana and a white marble altar of Elyvilon.
Found an escape hatch in the ceiling.
There is a snail-covered altar of Cheibriados here.
z - a scroll labelled NAENUJ VOATYTO
There is a hazy altar of Hepliaklqana here.
There is a radiant altar of Vehumet here.
You coil in front of the altar of Vehumet.
Vehumet welcomes you!
You open the door.
An ice beast comes into view.
Found a leather armour.
There is an open door here.
An ice beast is nearby!
An ice beast is nearby!
An ice beast is nearby!
As you close the door, it creaks loudly!
There is an open door here.
There is a stone staircase leading down here.
You climb downwards.
Found 5 stones.
There is a stone staircase leading up here.
An orc comes into view. It is wielding a +0 whip.
The sting hits the orc.
The orc is poisoned.
The orc is heavily wounded.
The orc shouts!
The sting hits the orc.
The orc looks even sicker.
You kill the orc!
Vehumet accepts your kill.
Magic restored.
A quokka comes into view.
A quokka is nearby!
A quokka is nearby!
Okay, then.
There is a stone staircase leading up here.
This spell is dangerous to cast!
You start memorising the spell.
You continue memorising. x3
You finish memorising.
Spell assigned to 'c'.
This spell is dangerous to cast!
You start memorising the spell.
You continue memorising. x4
You finish memorising.
Spell assigned to 'd'.
Okay, then.
A quokka is nearby!
A quokka is nearby!
A quokka is nearby!
The sting hits the quokka.
The quokka is poisoned.
The quokka is moderately wounded.
The quokka barely misses you.
You hit the quokka but do no damage.
The quokka is severely wounded.
The quokka bites you but does no damage.
You hit the quokka.
You kill the quokka!
Vehumet accepts your kill.
Your Alchemy skill increases to level 7!
No target in view!
Found an escape hatch in the ceiling.
Found a stone staircase leading up.
A - a scroll labelled ISTREO YZEJURPH
Found a pair of gloves.
Edmund the Younger comes into view.
He is wielding a +2 flail of holy wrath.
Found a spear.
Press: ? - help, . - travel You can't see that place. [the floor.] Unknown command.
Edmund shouts!
You see here a +0 helmet.
Casting: Sting (safe; 2% risk of failure)
Confirm with . or Enter, or press ? or * to list all spells.
Aiming: Mercury Vapours (safe; 5% risk of failure)
Press: ? - help, Dir - move target
Okay, then.
Press: ? - help, v - describe, . - travel
Here: Edmund, wielding a +2 flail of holy wrath and wearing a +0 chain mail The floor.
Unknown command.
Unknown command.
Unknown command.
Unknown command.
Casting: Mercury Vapours (safe; 5% risk of failure)
Confirm with . or Enter, or press ? or * to list all spells.
Aiming: Mephitic Cloud (dangerous; 14% risk of failure)
Press: ? - help, Shift-Dir - straight line, f - Edmund
Aim: Edmund, wielding a +2 flail of holy wrath and wearing a +0 chain mail (chance to affect: 81%)
The ball explodes into a vile cloud!
The stinking cloud engulfs Edmund.
You hear an angry hiss.
Edmund is engulfed in noxious fumes.
Edmund appears confused.
The sting hits Edmund.
Edmund is poisoned.
Edmund is lightly wounded.
Edmund is engulfed in noxious fumes.
Edmund appears confused.
Edmund mumbles something.
The sting hits Edmund but does no damage.
Edmund looks even sicker.
Edmund is lightly wounded.
Edmund is engulfed in noxious fumes.
Edmund appears confused.
Edmund looks very confused.
Aiming: Spit Poison (1% risk of failure)
Press: ? - help, Shift-Dir - straight line, f/p - Edmund
Aim: Edmund, wielding a +2 flail of holy wrath and wearing a +0 chain mail (noxious fumes, lightly wounded, confused, very poisoned, 91% to hit)
The splash of poison hits Edmund.
Edmund looks even sicker.
Edmund is lightly wounded.
Edmund is engulfed in noxious fumes.
Edmund appears confused.
Edmund chortles and stares into space.
The sting hits Edmund but does no damage.
Edmund looks as sick as possible!
Edmund is moderately wounded.
Edmund laughs crazily.
The sting hits Edmund.
Edmund looks as sick as possible!
Edmund is moderately wounded.
Edmund is engulfed in noxious fumes.
Edmund appears confused.
You have got your breath back.
The sting hits Edmund.
Edmund looks as sick as possible!
Edmund is almost dead.
The sting hits Edmund but does no damage.
Edmund looks as sick as possible!
Edmund is almost dead.
You kill Edmund!
Vehumet accepts your kill.
You have reached level 7!
B - a +0 helmet
Things that are here:
a +2 flail of holy wrath; a +0 chain mail; the human corpse of Edmund You start putting on your armour.
You continue putting on your +0 helmet. x4
You finish putting on your +0 helmet.
You start resting.
A phantom comes into view.
You start resting.
Magic restored.
An iron imp is nearby!
Things that are here:
a +2 flail of holy wrath; a +0 chain mail; the human corpse of Edmund
C - a +2 flail of holy wrath The iron imp shoots a sling bullet.
The sling bullet misses you.
The iron imp shoots a sling bullet.
The sling bullet barely misses you.
The iron imp shoots a sling bullet.
The sling bullet hits you!
The iron imp shoots a sling bullet.
The sling bullet barely misses you.
The iron imp shoots a sling bullet.
The sling bullet hits you.
The iron imp shoots a sling bullet.
The sling bullet hits you!
The iron imp shoots a sling bullet.
The sling bullet hits you!
* * * LOW HITPOINT WARNING * * *
The iron imp shoots a sling bullet.
The sling bullet hits you!
* * * LOW HITPOINT WARNING * * *
The phantom attacks as it pursues you! The phantom hits you.
* * * LOW HITPOINT WARNING * * *
Okay, then.
Okay, then.
Aiming: Polymorph
Press: ? - help, Shift-Dir - straight line, f - phantom
Aim: a phantom (not susceptible)
Okay, then.
Okay, then.
Unknown command.
Okay, then.
It was a potion of curing.
You feel better. The phantom hits you.
* * * LOW HITPOINT WARNING * * *
Okay, then.
Your +2 flail of holy wrath softly glows with a divine radiance!
C - a +2 flail of holy wrath (weapon)
The phantom hits you but does no damage.
You thump the phantom!
The phantom convulses!
The phantom is almost destroyed.
The phantom misses you.
You closely miss the phantom.
The phantom is almost destroyed.
The phantom hits you.
* * * LOW HITPOINT WARNING * * *
The phantom blinks!
You blink.
You hit the phantom.
The phantom convulses.
The phantom is almost destroyed.
The phantom hits you.
* * * LOW HITPOINT WARNING * * *
The phantom hits you.
You die...

#######...#
≈.....≈≈§§###........<#
§§§5≈≈≈...#...#####...# ###
§≈≈ߧ≈....#.....###...###.##
§..§......#................######
..........#.....###....##(....<..
..........#.....# ####..#....####
.[........#.....###.....#....#
...[......#.....@W...........#
................###.........##
##....#####.§...# .....#).###
#.....# ###.#.<.#........ #.....#
#....###....... #####.# #?.....
.....## #.# #..##### #.#. ...
.... .#.# ..#.


You could see a phantom.

Vanquished Creatures
  Edmund (D:5)
  A scorpion (D:3)
  2 orc priests (D:4)
  A bombardier beetle (D:3)
  2 adders
  A dart slug (D:1)
  6 ribbon worms
  7 orcs
  5 ball pythons
  4 endoplasms
  3 giant cockroaches
  5 goblins
  5 hobgoblins
  9 jackals
  10 kobolds
  6 quokkas
  5 bats
  A frilled lizard (D:1)
  6 rats
  A spectral hobgoblin (D:1)
81 creatures vanquished.

Notes
Turn   | Place    | Note
-------+----------+-------------------------------------------
     0 | D:1      | sleeves the Naga Alchemist began the quest for the Orb.
     0 | D:1      | Reached XP level 1. HP: 15/15 MP: 3/3
    29 | D:1      | HP: 6/15 [ball python (2)]
    72 | D:1      | Reached skill level 4 in Alchemy
   129 | D:1      | Reached XP level 2. HP: 18/22 MP: 5/5
   227 | D:1      | Found a faded altar of an unknown god.
   241 | D:1      | HP: 9/20 [spectral hobgoblin (3)]
   245 | D:1      | HP: 4/17 [spectral hobgoblin (1)]
   638 | D:1      | Reached XP level 3. HP: 24/24 MP: 2/6
   641 | D:1      | Learned a level 2 spell: Mercury Vapours
   761 | D:1      | Reached skill level 5 in Alchemy
  1447 | D:2      | Reached XP level 4. HP: 34/36 MP: 0/7
  1727 | D:2      | Found a blossoming altar of Fedhas.
  2822 | D:3      | Noticed a scorpion
  2899 | D:3      | Reached skill level 3 in Spellcasting
  2901 | D:3      | Reached skill level 6 in Alchemy
  2901 | D:3      | Reached XP level 5. HP: 42/42 MP: 1/9
  3753 | D:4      | Reached XP level 6. HP: 45/49 MP: 9/11
  4073 | D:4      | Reached skill level 4 in Spellcasting
  4380 | D:4      | Found a snail-covered altar of Cheibriados.
  4381 | D:4      | Found a sparkling altar of Nemelex Xobeh.
  4382 | D:4      | Found a radiant altar of Vehumet.
  4383 | D:4      | Found a hazy altar of Hepliaklqana.
  4383 | D:4      | Found a white marble altar of Elyvilon.
  4408 | D:4      | Became a worshipper of Vehumet
  4414 | D:4      | Noticed an ice beast
  4433 | D:5      | Entered Level 5 of the Dungeon
  4459 | D:5      | Learned a level 3 spell: Mephitic Cloud
  4464 | D:5      | Learned a level 4 spell: Olgreb's Toxic Radiance
  4470 | D:5      | Reached skill level 7 in Alchemy
  4505 | D:5      | Noticed Edmund
  4519 | D:5      | Killed Edmund
  4520 | D:5      | Reached XP level 7. HP: 55/55 MP: 5/13
  4590 | D:5      | HP: 20/55 [iron imp/sling bullet (13)]
  4595 | D:5      | HP: 16/55 [phantom (1)]
  4599 | D:5      | HP: 5/55 [phantom (6)]
  4599 | D:5      | Slain by a phantom

Illustrated notes

Levels and vault maps discovered:
D:1:      evilmike_arrival_crescent, layout_basic,
          dreamdust_ecumenical_altar_drowned_temple
D:2:      layout_loops_corners, basic_altar, kennysheep_generic_room_14
D:3:      layout_basic, serial_forest, infiniplex_forest_lined_2,
          infiniplex_forest_3_way, infiniplex_forest_clump_double,
          infiniplex_forest_lined_2, infiniplex_forest_end_3,
          infiniplex_forest_lined_3, infiniplex_forest_diagonal,
          minmay_randomly_rotated_circles
D:4:      layout_basic, grunt_temple_overflow_open
D:5:      layout_rooms, demons_altar, minmay_temple_entry_ruins, uniq_grinder,
          uniq_edmund

Skill      XL: |  1  2  3  4  5  6 |
---------------+-------------------+-----
Alchemy        | 4 5 6 7 |  7.3
Spellcasting   | 3 4 |  4.5
Dodging        | |  1.5
Stealth        | |  3.0
Conjurations   | |  1.0

Action                     |  1- 3 |  4- 6 |  7- 9 || total
---------------------------+-------+-------+-------++-------
  Melee: Dagger            |    39 |    22 |       ||    61
         Unarmed           |     2 |       |       ||     2
         Flail             |       |       |     3 ||     3
   Cast: Sting             |    47 |   106 |       ||   153
         Mercury Vapours   |       |    11 |       ||    11
         Mephitic Cloud    |       |     1 |       ||     1
Ability: Spit Poison       |     5 |     6 |       ||    11
    Use: Potion            |       |       |     1 ||     1
   Stab: Sleeping          |       |     1 |       ||     1
 Armour: Robe              |    44 |    33 |    11 ||    88
  Dodge: Dodged            |    16 |    26 |     4 ||    46

Table legend: (Time is in decaauts)
 A = Elapsed time spent in this place.
 B = Non-inter-level travel time spent in this place.
 C = Inter-level travel time spent in this place.
 D = Time resting spent in this place.
 E = Time spent auto-exploring this place.
 F = Levels seen in this place.
 G = Mean time per level.
                   A        B        C        D        E       F      G
               +--------+--------+--------+--------+--------+-----+--------+
         Total |   5676 |   5362 |    314 |    158 |   4475 |   5 | 1135.2 |
       Dungeon |   5676 |   5362 |    314 |    158 |   4475 |   5 | 1135.2 |
               +--------+--------+--------+--------+--------+-----+--------+

Top non-repeatable levels by time:
     D:2: 1657 daAuts
     D:3: 1498 daAuts
     D:1: 1389 daAuts
     D:4: 932 daAuts
     D:5: 198 daAuts
